 Dungeon Crawl Stone Soup version 0.31.0-32-g396128a36d (webtiles) character file.

Game seed: 12968991124301700922

28568 Derpydoo the Skirmisher (level 13, -16/73 HPs)
             Began as a Gargoyle Fighter on Apr 3, 2024.
             Was a Believer of Hepliaklqana.
             Killed by an exploding orc warrior (22 damage)
             ... ignited by their inner flame
             ... on level 2 of the Orcish Mines on Apr 6, 2024.
             The game lasted 03:10:04 (17913 turns).

Derpydoo the Skirmisher (Gargoyle Fighter)         Turns: 17913, Time: 03:10:05

Health: -16/73     AC: 25    Str: 29    XL:     13   Next: 39%
Magic:  19/19      EV: 14    Int: 11    God:    Hepliaklqana [**....]
Gold:   1713       SH:  0    Dex: 19    Spells: 12/12 levels left

rFire   + . .        a - +7 hand axe of the Depths {flame, +Blink Str+7}
rCold   . . .        (no shield)
rNeg    + . .        v - +1 chain mail {rF+}
rPois   ∞            n - +0 helmet {Int+3}
rElec   +            (no cloak)
rCorr   .            D - +0 pair of gloves
SInv    .            (no boots)
Will    .....        j - amulet of the acrobat Stlth
                     G - +5 ring of evasion
HPRegen 0.32/turn    V - +6 ring of dexterity
MPRegen 0.16/turn

%: acrobat
@: about to teleport
A: reduced essence, sickness immunity, AC +9, negative energy resistance 1,
electricity resistance, torment resistance 1, petrification resistance
a: Renounce Religion, Evoke Blink, Recall Ancestor, Ancestor Identity


You were on level 2 of the Orcish Mines.
You worshipped Hepliaklqana.
Hepliaklqana was pleased with you.
You visited 3 branches of the dungeon, and saw 16 of its levels.
You also visited: Sewer and Ossuary.

You collected 1713 gold pieces.

Inventory:

Hand Weapons
 a - the +7 hand axe of the Depths (weapon) {flame, +Blink Str+7}
   (You found it on level 9 of the Dungeon)

   Str+7:     It affects your strength (+7).
   +Blink:    It lets you blink.
 b - a +0 arbalest
 m - a +3 mace
 C - a +3 battleaxe
 K - a +1 trident of protection
 L - a +1 falchion of holy wrath
 M - a +2 trident
 N - a +2 scimitar
 O - a +0 dire flail of holy wrath
 P - a +4 falchion
 Q - a +2 great sword of protection
 R - a +2 mace of freezing
 T - a +2 long sword of flaming
 Z - a +2 great mace
Armour
 c - a +0 buckler
 n - a +0 helmet of intelligence (worn)
 v - a +1 chain mail of fire resistance (worn)
 D - a +0 pair of gloves (worn)
Jewellery
 j - an amulet of the acrobat (around neck)
 x - a ring of protection from fire
 y - a ring of willpower
 E - a ring of positive energy
 G - a +5 ring of evasion (left hand)
 U - a ring of ice
 V - a +6 ring of dexterity (right hand)
 X - an amulet of faith
Wands
 r - a wand of flame (19)
 B - a wand of mindburst (9)
 F - a wand of roots (7)
 H - a wand of light (5)
 S - a wand of paralysis (3)
Scrolls
 d - 2 scrolls of fear
 e - 3 scrolls of fog
 h - a scroll of immolation
 l - 3 scrolls of revelation
 s - 4 scrolls of enchant armour
 w - 3 scrolls of silence {unknown}
 I - a scroll of blinking {unknown}
 J - a scroll of summoning {unknown}
 Y - a scroll of identify
Potions
 f - 10 potions of curing
 g - a potion of brilliance {unknown}
 k - 2 potions of lignification {unknown}
 o - a potion of ambrosia {unknown}
 p - a potion of mutation {unknown}
 q - 3 potions of heal wounds {unknown}
 t - 2 potions of haste {unknown}
 u - 3 potions of resistance {unknown}
 z - a potion of enlightenment {unknown}
 A - 4 potions of cancellation {unknown}
Miscellaneous
 W - a sack of spiders (inert)


   Skills:
 + Level 10.0 Fighting
 - Level 1.3 Long Blades
 * Level 10.0 Axes
 * Level 13.3 Ranged Weapons
 + Level 10.4 Armour
 - Level 0.3 Stealth
 - Level 3.4 Shields
 - Level 8.4 Invocations
 - Level 1.0 Evocations


You had 12 spell levels left.
You didn't know any spells.
Your spell library contained the following spells:

 Spells                   Type           Power      Damage    Failure   Level
 Dispel Undead            Necr           0%         3d6       100%        4
 Martyr's Knell           Necr/Summ      0%         N/A       100%        4
 Death Channel            Necr           0%         N/A       100%        6
 Cigotuvi's Dreadful Rot  Necr/Alch/Air  Unusable   N/A       N/A         2

Dungeon Overview and Level Annotations

Branches:
Dungeon (13/15)            Temple (1/1) D:4            Lair (0/5) D:10
    Orc (2/2) D:12            Elf (0/3) Orc:2        Vaults (0/5) D:13
  Sewer (visited)         Ossuary (visited)

Altars:
Ashenzari
Cheibriados
Dithmenos
Elyvilon
Fedhas
Gozag
Hepliaklqana
Kikubaaqudgha
Makhleb
Nemelex Xobeh
Okawaru
Qazlal
Ru
Sif Muna
Trog
Uskayaw
Vehumet
Wu Jian
Xom
Yredelemnul
Zin
The Shining One

Annotations:
D:12 Rupert, Sonja


Innate Abilities, Weirdness & Mutations

Your life essence is reduced to manifest your ancestor. (-10% HP)
You are immune to sickness and miasma.
Your stone body is resilient. (AC +9)
You are immune to poison.
You resist negative energy. (rN+)
You are resistant to electric shocks. (rElec)
You are resistant to unholy torment.
You are immune to petrification.


Message History

The orc closely misses Wilburh.
The orc warrior closely misses you. The orc warrior completely misses you.
The orc warrior hits you with a +0 dire flail!
* * * LOW HITPOINT WARNING * * *
The orc hits you but does no damage.
Wilburh hits the orc warrior with a +0 quarterstaff!
Flame seeps out of the orc warrior.
The orc priest barely misses Wilburh.
Okay, then.
You feel better.
You feel ready to blink again.
The orc warrior is engulfed in blazing flames.
The orc warrior explodes!
The fiery explosion engulfs the orc warrior!!
Flame seeps out of the orc warrior.
The orc warrior is almost dead.
The fiery explosion engulfs the orc!!
Wilburh avoids your attack.
The fiery explosion engulfs the orc priest!!
The fiery explosion engulfs the orc knight!!
Flame seeps out of the orc knight.
The orc knight is heavily wounded.
The fiery explosion engulfs the orc!!!
The fiery explosion engulfs the orc warrior!!
The orc warrior explodes!
The fiery explosion engulfs the orc knight!!
Flame seeps out of the orc knight.
The orc knight is almost dead.
The fiery explosion engulfs the orc priest!!
Wilburh avoids your attack.
The fiery explosion engulfs the orc priest!!
The orc priest explodes!
Wilburh avoids your attack. The fiery explosion engulfs you! You resist.
* * * LOW HITPOINT WARNING * * *
The fiery explosion engulfs the orc warrior!!
Flame seeps out of the orc warrior.
The orc warrior is almost dead.
The fiery explosion engulfs the orc warrior!!
The orc warrior explodes!
The fiery explosion engulfs the orc warrior!!
The fiery explosion engulfs you!! You resist.
You die...

##...............#..##
#.#.................##
#................#.#.. .
#................#.... ..
#.....................
.#.#.$...................
....)...............#.#.#
.o..§)§§o............#...
...o§○R§@§..............#
.#.#oo§§§§..............#
..#.§§§§o..............#
#..............#......
#.....)).............#
#....).)..........#.##
#.................###
#######............#.##
#.....^.>.........####


You could see the friendly Wilburh the battlemage (inner flame), an orc knight
(inner flame, strong), 2 orc warriors and 3 orcs.

Vanquished Creatures
  Snorg (D:11)
  Josephine (D:13)
  Harold (D:10)
  Fannar (D:10)
  Erica (D:8)
  A centaur warrior (D:13)
  A boulder beetle (D:11)
  Nergalle (D:10)
  Pikel (D:6)
  An orc knight (Orc:1)
  4 ugly things
  2 manticores
  A komodo dragon (D:11)
  2 gargoyles
  3 unseen horror zombies (D:9)
  A rime drake (D:10)
  A tengu conjurer (D:13)
  A troll (D:13)
  A hornet (D:10)
  Grinder (D:3)
  A shadow (D:11)
  2 wyverns (D:8)
  4 wraiths (D:13)
  A basilisk (D:10)
  20 yaks
  A steam dragon (D:9)
  2 wargs
  6 vampire mosquitoes
  An acid dragon (D:12)
  23 orc warriors
  Pargi (Sewer)
  4 ice beasts
  7 ogres
  4 wolves (D:10)
  12 centaurs
  A phantom (D:5)
  2 lemures
  A kobold brigand (D:9)
  2 bullfrogs
  3 gnoll sergeants
  4 scorpions
  2 wyvern zombies (D:9)
  13 wights
  A bombardier beetle (D:6)
  A howler monkey (D:10)
  A spectral scorpion (Ossuary)
  2 centaur skeletons (Ossuary)
  5 hounds
  17 orc priests
  Crazy Yiuf (D:6)
  2 sleepcaps
  14 orc wizards
  Ijyb (D:3)
  A crocodile zombie (Ossuary)
  An ogre skeleton (Ossuary)
  11 mummies (Ossuary)
  Robin (D:2)
  4 howler monkey zombies (D:9)
  13 gnolls
  6 adders
  4 dart slugs
  6 ribbon worms
  90 orcs
  A ball python (D:4)
  7 endoplasms
  4 giant cockroaches
  12 goblins
  9 hobgoblins
  4 jackals (Sewer)
  10 kobolds
  5 quokkas
  7 bats
  A frilled lizard (D:3)
  2 gnoll skeletons (Ossuary)
  2 kobold skeletons (Ossuary)
  An orc skeleton (Ossuary)
  2 rats
  10 spectral rats (Ossuary)
403 creatures vanquished.

Vanquished Creatures (collateral kills)
  An orc warlord (Orc:1)
  A boulder beetle (D:13)
  A glowing orange brain (D:13)
  2 orc knights
  A kobold blastminer (Orc:1)
  An unseen horror (D:13)
  A wraith (D:12)
  A yak (D:11)
  2 wargs
  8 orc warriors
  2 centaurs
  A lemure (D:7)
  3 orc priests (Orc:2)
  6 orc wizards
  3 gnolls (D:12)
  22 orcs
56 creatures vanquished.

Vanquished Creatures (others)
  2 battlemagi (Orc:1)
  20 ancestors
  An orc wizard (D:8)
23 creatures vanquished.

Grand Total: 482 creatures vanquished

Notes
Turn   | Place    | Note
-------+----------+-------------------------------------------
     0 | D:1      | Derpydoo the Gargoyle Fighter began the quest for the Orb.
     0 | D:1      | Reached XP level 1. HP: 14/14 MP: 1/1
   127 | D:1      | Reached XP level 2. HP: 19/19 MP: 2/2
   722 | D:2      | Reached skill level 1 in Ranged Weapons
   722 | D:2      | Reached XP level 3. HP: 11/24 MP: 3/3
   733 | D:2      | Reached XP level 4. HP: 6/29 MP: 4/4
   902 | D:2      | Found a white marble altar of Elyvilon.
   907 | D:2      | Became a worshipper of Elyvilon the Healer
   934 | D:2      | Noticed Robin
   943 | D:2      | Killed Robin
  1070 | D:2      | Reached skill level 2 in Ranged Weapons
  1400 | D:3      | Noticed Grinder
  1598 | D:4      | Reached * piety under Elyvilon
  1639 | D:4      | Found a sand-covered staircase.
  1662 | D:4      | Reached XP level 5. HP: 16/33 MP: 5/5
  1730 | Ossuary  | Entered an ossuary
  1795 | Ossuary  | Reached skill level 1 in Invocations
  1802 | Ossuary  | Reached skill level 3 in Ranged Weapons
  1804 | Ossuary  | Reached XP level 6. HP: 19/39 MP: 5/7
  1811 | Ossuary  | HP: 1/39 [mummy (5)]
  2353 | Ossuary  | Reached skill level 4 in Ranged Weapons
  2353 | Ossuary  | Reached skill level 1 in Evocations
  2353 | Ossuary  | Reached XP level 7. HP: 44/44 MP: 8/8
  2467 | Ossuary  | Found a basalt altar of Yredelemnul.
  2663 | D:4      | Found a staircase to the Ecumenical Temple.
  2679 | Temple   | Entered the Ecumenical Temple
  2931 | D:4      | Reached skill level 5 in Fighting
  3025 | D:5      | Entered Level 5 of the Dungeon
  3100 | D:5      | Reached skill level 5 in Armour
  3101 | D:5      | Reached ** piety under Elyvilon
  3109 | D:5      | Found an opulent altar of Gozag.
  3166 | D:5      | Found an iron altar of Okawaru.
  3232 | D:5      | Found a snail-covered altar of Cheibriados.
  3299 | D:5      | Found a shimmering altar of Xom.
  3340 | D:5      | Reached skill level 5 in Ranged Weapons
  3404 | D:5      | Found a glowing drain.
  3415 | Sewer    | Entered a sewer
  3477 | Sewer    | Noticed Pargi
  3504 | Sewer    | Killed Pargi
  3505 | Sewer    | Reached XP level 8. HP: 5/50 MP: 10/10
  3676 | Sewer    | Identified the staff "Hoduneuw" {rF+ Dex+3 Fire}
  4405 | D:6      | Noticed Pikel
  4470 | D:6      | Reached *** piety under Elyvilon
  4663 | D:6      | Found a runed translucent door.
  4664 | D:6      | Noticed Crazy Yiuf
  4720 | D:6      | Reached skill level 6 in Ranged Weapons
  4985 | D:6      | Found a blossoming altar of Fedhas.
  5028 | D:6      | Noticed a yak
  5465 | D:7      | Found a glowing silver altar of Zin.
  5637 | D:7      | Reached **** piety under Elyvilon
  5803 | D:7      | Reached skill level 7 in Ranged Weapons
  6490 | D:7      | Reached XP level 9. HP: 46/55 MP: 9/12
  6747 | D:8      | Noticed Erica
  6921 | D:8      | Found a burning altar of Makhleb.
  6921 | D:8      | Found a bloodstained altar of Trog.
  7230 | D:8      | Noticed a gargoyle
  7263 | D:8      | Killed a gargoyle
  7340 | D:8      | Reached skill level 8 in Ranged Weapons
  7519 | D:8      | Elyvilon protects you from harm!
  8075 | D:8      | Reached skill level 5 in Invocations
  8135 | D:8      | Noticed a +0 short sword
  8135 | D:8      | Noticed a +0 dagger
  8136 | D:8      | Noticed a +0 falchion
  8136 | D:8      | Noticed a +0 spear
  8137 | D:8      | Noticed a +0 falchion
  8138 | D:8      | Noticed a +0 short sword
  8143 | D:8      | Noticed a +0 dagger
  8144 | D:8      | Noticed a +0 spear
  8147 | D:8      | Found a hide-covered altar of Uskayaw.
  8527 | D:3      | Paralysed by Grinder for 3 turns
  8529 | D:3      | Noticed Ijyb
  8533 | D:3      | Killed Grinder
  8542 | D:3      | Killed Ijyb
  9162 | D:8      | Reached XP level 10. HP: 61/63 MP: 14/14
  9187 | D:9      | Reached skill level 9 in Ranged Weapons
  9436 | D:9      | Found an ornate altar of the Wu Jian Council.
  9675 | D:8      | Reached skill level 1 in Long Blades
  9833 | D:9      | Identified the +7 hand axe of the Depths {flame, +Blink
                  | Str+7}
  9883 | D:9      | Found a basalt altar of Yredelemnul.
 10176 | D:10     | Entered Level 10 of the Dungeon
 10176 | D:10     | Noticed Harold
 10228 | D:10     | Found a shadowy altar of Dithmenos.
 10317 | D:10     | Found a hazy altar of Hepliaklqana.
 10325 | D:10     | Fell from the grace of Elyvilon
 10325 | D:10     | Became a worshipper of Hepliaklqana the Forgotten
 10340 | D:10     | Reached skill level 10 in Ranged Weapons
 10370 | D:10     | Reached XP level 11. HP: 52/68 MP: 16/16
 10370 | D:10     | Found a glowing golden altar of the Shining One.
 10519 | D:10     | Killed Harold
 10520 | D:10     | Reached skill level 5 in Axes
 10632 | D:10     | Noticed Nergalle
 10653 | D:10     | Killed Nergalle
 11005 | D:10     | Found a staircase to the Lair.
 11092 | D:10     | Noticed Fannar
 11301 | D:10     | Killed Fannar
 11595 | D:10     | Found a sparkling altar of Nemelex Xobeh.
 11976 | D:11     | Noticed Snorg
 11999 | D:11     | Killed Snorg
 12094 | D:11     | Reached * piety under Hepliaklqana
 12096 | D:11     | Noticed a boulder beetle
 12194 | D:8      | Killed Erica
 12364 | D:6      | Killed Pikel
 12694 | D:6      | Reached skill level 11 in Ranged Weapons
 12871 | D:6      | Killed Crazy Yiuf
 13182 | D:11     | Noticed a boulder beetle
 13290 | D:11     | Reached XP level 12. HP: 67/67 MP: 17/17
 13472 | D:11     | Killed a boulder beetle
 14181 | D:12     | Identified the maw talisman of the Kettle-Drum {*Corrode
                  | rC+ Dex+4 Stlth+}
 14181 | D:12     | Noticed Rupert
 14417 | D:12     | Noticed Sonja
 14816 | D:13     | Noticed Josephine
 14826 | D:13     | Killed Josephine
 14908 | D:13     | Noticed a boulder beetle
 14933 | D:13     | Killed a boulder beetle
 14944 | D:13     | Noticed a centaur warrior
 14956 | D:13     | Killed a centaur warrior
 15068 | D:13     | Reached skill level 12 in Ranged Weapons
 15139 | D:13     | Found a gate to the Vaults.
 15149 | D:13     | Noticed an ironbound preserver
 15258 | D:13     | Reached skill level 10 in Armour
 16049 | D:12     | Reached XP level 13. HP: 72/72 MP: 19/19
 16183 | D:12     | Found a staircase to the Orcish Mines.
 16220 | Orc:1    | Entered Level 1 of the Orcish Mines
 16365 | Orc:1    | Reached ** piety under Hepliaklqana
 16366 | Orc:1    | Remembered your ancestor Wilburh as a battlemage
 16595 | Orc:1    | Noticed an orc warlord
 16812 | Orc:1    | Killed an orc warlord
 16813 | Orc:1    | Reached skill level 13 in Ranged Weapons
 17066 | Orc:2    | Entered Level 2 of the Orcish Mines
 17212 | Orc:1    | Reached skill level 10 in Fighting
 17707 | Orc:2    | Found a staircase to the Elven Halls.
 17905 | Orc:2    | Reached skill level 10 in Axes
 17913 | Orc:2    | Killed by an exploding orc warrior... ignited by their
                  | inner flame

Illustrated notes

Levels and vault maps discovered:
D:1:      scummos_arrival_simple_fountains, layout_loops_ring
D:2:      layout_basic, basic_altar, minmay_tree_intersection, uniq_robin
D:3:      layout_rooms, uniq_grinder, uniq_ijyb
D:4:      layout_basic, minmay_temple_entry_overgrown,
          nicolae_ossuary_entry_monument
D:5:      layout_loops_ring, mainiacjoe_overflow_alcove_4,
          grunt_gozag_breadcrumbs, slow_altar_1,
          mainiacjoe_overflow_cross_hatched, portal_sewer_entry_d
D:6:      layout_rooms, fedhas_altar_fruit_tree, serial_library_hellmonk_h_bend,
          uniq_crazy_yiuf_cottage, uniq_pikel
D:7:      layout_gridville, mainiacjoe_overflow_surrounded_room, minivault_5,
          grunt_decor_cap
D:8:      layout_loops_corners, nicolae_uskayaw_en_pointe,
          mainiacjoe_overflow_divided_tiny, special_room [special_room_orc],
          uniq_erica
D:9:      layout_rooms, lemuel_coloured_pillars_altar,
          nicolae_yredelemnul_corpse_copse
D:10:     layout_rooms, riverfiend_overflow_shadow_ancestor,
          nicolae_overflow_crystal_walls, general_overflow_altar,
          hellmonk_lair_entry_icy, minmay_liquid_box, david_defended_altar_orc,
          uniq_harold, uniq_fannar, uniq_nergalle
D:11:     layout_basic, uniq_snorg
D:12:     layout_loops_ring, hiddenorc2_lemuel, uniq_rupert, uniq_sonja
D:13:     layout_roguey, hellmonk_vaults_order_and_chaos, uniq_josephine
Temple:   hellmonk_temple_two_chambers
Orc:1:    layout_caves, basic_altar, nicolae_orc_damp_corner
Orc:2:    st_orc_pillars, layout_diamond_mine

Skill      XL: |  1  2  3  4  5  6  7  8  9 10 11 12 13 |
---------------+----------------------------------------+-----
Ranged Weapons | 1 2 3 4 5 7 8 10 11 12 13 | 13.3
Armour         | 4 5 6 7 8 9 10 | 10.4
Fighting       | 4 5 6 7 8 9 10 | 10.0
Invocations    | 1 2 3 4 5 6 7 8 |  8.4
Evocations     | 1 |  1.0
Long Blades    | 1 |  1.3
Axes           | 4 7 9 10 | 10.0
Stealth        | |  0.3
Shields        | |  3.4

Action                     |  1- 3 |  4- 6 |  7- 9 | 10-12 | 13-15 || total
---------------------------+-------+-------+-------+-------+-------++-------
  Melee: War axe           |    57 |   159 |   485 |    57 |       ||   758
         Hand axe          |       |       |       |   436 |   127 ||   563
         Falchion          |       |       |       |    53 |       ||    53
         Punch             |       |       |       |       |     1 ||     1
   Fire: Sling             |    12 |    43 |   151 |   278 |    75 ||   559
         Arbalest          |       |       |       |       |    33 ||    33
 Invoke: Heal Self         |       |       |    13 |     1 |       ||    14
         Recall Ancestor   |       |       |       |     1 |       ||     1
         Ancestor Life: Ba |       |       |       |       |     1 ||     1
Ability: Evoke Blink       |       |       |       |       |     2 ||     2
  Evoke: Wand              |       |    22 |     4 |    10 |       ||    36
         Sack of spiders   |       |       |       |       |     1 ||     1
    Use: Potion            |       |     1 |       |     2 |     2 ||     5
         Scroll            |       |       |    12 |    10 |     3 ||    25
   Stab: Distracted        |       |       |       |     1 |     1 ||     2
 Armour: Scale mail        |    52 |   123 |   226 |       |       ||   401
         Chain mail        |       |       |   254 |   427 |   112 ||   793
  Dodge: Dodged            |    40 |    95 |   349 |   411 |   117 ||  1012
  Block: Buckler           |    19 |    31 |   147 |   172 |     8 ||   377
